Map: Port Aleksander LE

Players

TIME (Oliveira)

  • Race: Terran Terran
  • Spawn Location: 11:00

SortOf - Winner!

  • Race: Zerg Zerg
  • Spawn Location: 5:00

Event: 2019 WCS Spring

VOD

Have the link to the VOD?

Description

Time

  • Played on: May 18, 2019, 11:14 a.m.
  • Length: 11:57

All games in this series

Show
View Real Time Build Order
Export as new Build Order

TIME Terran 

Build Orders: Reaper Expand 

Get SALT Encoding   

  12  0:00  SCV  
  13  0:12  SCV  
  14  0:17  Supply Depot  
  14  0:24  SCV  
  15  0:39  SCV  
  15  0:41  Barracks  
  16  0:45  Refinery  
  16  0:51  SCV  
  17  1:03  SCV  
  18  1:15  SCV  
  19  1:28  Orbital Command, Reaper  
  20  1:41  Command Center  
  20  1:53  Barracks  
  20  1:55  SCV  
  21  2:01  Barracks Reactor  
  21  2:07  SCV  
  22  2:11  Supply Depot  
  22  2:16  Refinery  
  22  2:19  SCV  
  23  2:28  Factory  
  23  2:32  SCV  
  24  2:38  Marine x2  
  24  2:41  Barracks Tech Lab  
  26  2:44  SCV  
  27  2:54  Orbital Command  
  27  2:56  SCV  
  28  2:59  Marine  
  28  3:01  Marine  
  28  3:05  Stimpack  
  30  3:07  Marine  
  30  3:10  SCV  
  32  3:18  Starport  
  32  3:20  SCV  
  32  3:24  SCV  
  32  3:25  Factory Reactor  
  34  3:28  Marine  
  34  3:29  Marine  
  37  3:36  SCV  
  37  3:37  Marine, Supply Depot  
  38  3:46  Marine  
  38  3:48  SCV x2  
  40  3:49  Marine  
  42  3:59  Supply Depot  
  42  4:00  SCV x2  
  45  4:04  Marine, Medivac x2  
  45  4:06  Marine  
  50  4:10  Widow Mine  
  50  4:12  SCV  
  50  4:14  Supply Depot  
  50  4:15  SCV  
  54  4:21  Marine  
  54  4:22  Supply Depot  
  54  4:23  Marine  
  56  4:24  SCV  
  56  4:28  Marine  
  58  4:31  SCV  
  58  4:35  Medivac  
  58  4:38  Factory Tech Lab  
  61  4:39  Marine  
  61  4:41  Marine  
  61  4:42  SCV  
  61  4:44  SCV  
  65  4:46  Marine  
  65  4:47  Supply Depot  
  66  4:54  SCV  
  66  4:56  Marine, SCV  
  66  4:59  Marine  
  70  5:02  Engineering Bay  
  70  5:04  Marine, Engineering Bay  
  70  5:05  Combat Shield  
  70  5:06  SCV  
  71  5:14  Marine  
  71  5:16  Marine  
  71  5:17  SCV  
  73  5:21  Marine  
  73  5:26  SCV  
  73  5:28  Command Center  
  75  5:29  Terran Infantry Armor Level 1, Terran Infantry Weapons Level 1  
  75  5:32  Marine  
  75  5:34  Marine  
  77  5:36  Supply Depot  
  77  5:39  Marine  
  77  5:40  Refinery  
  76  5:51  Marine  
  76  5:55  Marine  
  68  5:57  Marine  
  68  5:58  SCV  
  68  5:59  Siege Tank  
  68  6:01  SCV  
  68  6:03  Refinery  
  73  6:08  Marine, Barracks  
  74  6:11  Barracks  
  74  6:12  Barracks  
  74  6:13  Marine  
  74  6:15  Marine  
  74  6:17  Liberator x2, SCV  
  77  6:20  SCV  
  78  6:26  Marine  
  78  6:31  Marine  
  79  6:33  Marine  
  79  6:36  SCV x2  
  88  6:42  Siege Tank  
  88  6:44  Marine, Orbital Command  
  92  6:51  Marine  
  92  6:53  SCV x2  
  95  6:57  Barracks Reactor  
  95  7:00  Barracks Reactor x2  
  95  7:04  Marine  
  95  7:05  Marine, SCV x2  
  95  7:06  Orbital Command  
  99  7:17  SCV x2  
  99  7:19  Siege Tank  
  104  7:24  Medivac  
  104  7:29  Marine, SCV  
  108  7:30  SCV  
  108  7:32  Armory  
  108  7:35  SCV, Supply Depot  
  108  7:36  Marine x3  
  113  7:38  Medivac  
  113  7:41  SCV  
  113  7:42  Supply Depot  
  113  7:43  SCV  
  117  7:56  Marine  
  117  7:57  Marine x2, Siege Tank  
  123  8:00  SCV x2  
  123  8:01  Refinery x2  
  123  8:02  Factory  
  123  8:04  SCV  
  123  8:05  Supply Depot  
  126  8:06  Marine x2  
  126  8:07  Marine x2  
  126  8:09  Liberator  
  130  8:16  Marine x2  
  130  8:18  Marine  
  130  8:20  Marine  
  130  8:22  SCV  
  130  8:23  SCV  
  133  8:27  Supply Depot  
  133  8:29  Supply Depot  
  133  8:32  Missile Turret  
  133  8:33  Missile Turret  
  133  8:34  Terran Infantry Armor Level 2, Missile Turret  
  127  8:39  Marine x3  
  127  8:40  Terran Vehicle And Ship Armor Level 1  
  130  8:43  Marine x2  
  130  8:45  Marine  
  109  8:49  Marine x2  
  109  8:50  Marine  
  109  8:53  Factory Reactor  
  111  8:57  Marine, Terran Infantry Weapons Level 2  
  112  9:04  Thor  
  112  9:05  Marine x2  
  112  9:07  Marine  
  121  9:11  Marine  
  121  9:13  Sensor Tower  
  121  9:14  Marine x2  
  121  9:15  Marine x2  
  126  9:17  Medivac  
  126  9:21  Marine  
  126  9:23  Marine x2, Medivac  
  126  9:24  Drilling Claws  
  133  9:28  Marine  
  133  9:29  Marine  
  133  9:31  Widow Mine  
  137  9:32  Marine  
  137  9:33  Widow Mine  
  137  9:36  Supply Depot  
  137  9:37  Marine x2, Supply Depot  
  142  9:44  Marine x2  
  144  9:50  Widow Mine  
  144  9:51  Marine  
  147  9:55  Command Center  
  147  9:59  Marine  
  148  10:05  Widow Mine x2, Marine x2  
  148  10:06  Marine x4  
  156  10:09  Medivac x2  
  156  10:14  Widow Mine, Barracks  
  162  10:15  Barracks x2  
  162  10:20  Marine  
  162  10:21  Marine x2  
  165  10:23  Marine x2  
  165  10:26  Widow Mine x2  
  171  10:31  Supply Depot x2  
  171  10:36  Marine x2  
  172  10:42  Widow Mine  
  172  10:46  Marine x3  
  165  10:51  Marine x2  
  165  10:52  Marine x2  
  165  10:53  Marine  
  165  10:56  Marine, Widow Mine  
  165  11:02  SCV x2  
  165  11:04  Marine  
  165  11:06  Marine x2  
  165  11:08  Barracks Tech Lab x2, Refinery  
  163  11:15  SCV  
  163  11:16  Refinery  
  163  11:17  Refinery  
  162  11:18  Marine  
  162  11:19  Marine x2  
  157  11:35  Marine x3  
  157  11:36  Marauder  
  157  11:39  Barracks Tech Lab  
Show
View Real Time Build Order
Export as new Build Order

SortOf Zerg - Winner!

Build Orders: Hatch First, Muta Ling Bane 

Get SALT Encoding   

  12  0:00  Drone  
  13  0:12  Overlord  
  13  0:18  Drone  
  14  0:32  Drone x2  
  16  0:50  Hatchery  
  16  0:52  Drone  
  16  0:56  Drone  
  17  0:59  Drone  
  18  1:11  Extractor  
  17  1:15  Spawning Pool  
  17  1:18  Drone  
  17  1:21  Drone  
  18  1:28  Drone  
  19  1:39  Drone  
  20  1:49  Overlord  
  20  2:01  Queen  
  20  2:02  Queen  
  20  2:04  Zergling x4  
  26  2:12  Drone x2  
  28  2:22  Drone  
  29  2:26  Drone  
  30  2:34  Hatchery  
  29  2:40  Metabolic Boost  
  29  2:42  Drone  
  30  2:44  Drone  
  30  2:49  Overlord  
  31  2:53  Drone  
  31  2:55  Drone  
  33  2:59  Queen  
  33  3:04  Drone  
  36  3:09  Overlord  
  36  3:10  Drone  
  37  3:15  Drone x2  
  37  3:19  Drone  
  40  3:23  Overlord  
  40  3:25  Queen  
  42  3:28  Drone  
  42  3:31  Drone x2  
  45  3:38  Overlord  
  45  3:45  Drone x4  
  45  3:47  Lair  
  49  3:51  Queen  
  51  3:56  Zergling x4  
  51  3:59  Drone x2  
  55  4:04  Queen  
  55  4:05  Drone  
  55  4:08  Drone  
  59  4:10  Overlord  
  59  4:15  Drone  
  59  4:16  Baneling Nest  
  60  4:17  Drone  
  60  4:21  Drone x2  
  61  4:25  Zergling x8  
  65  4:31  Spore Crawler  
  65  4:32  Queen  
  65  4:35  Drone  
  65  4:37  Drone x2  
  65  4:38  Drone  
  70  4:44  Drone  
  70  4:45  Extractor, Drone x2  
  72  4:46  Overseer  
  72  4:47  Extractor  
  72  4:50  Drone  
  72  4:51  Drone  
  73  4:58  Overlord  
  73  5:04  Overlord  
  73  5:06  Overlord  
  73  5:10  Overlord  
  73  5:14  Overlord  
  73  5:16  Centrifical Hooks  
  73  5:17  Overlord  
  73  5:18  Zergling x2  
  73  5:19  Overlord  
  74  5:21  Queen  
  74  5:23  Zergling x12  
  74  5:25  Baneling x2  
  82  5:28  Evolution Chamber  
  82  5:29  Zergling x6, Evolution Chamber  
  82  5:31  Drone  
  82  5:32  Drone  
  85  5:40  Zergling x6  
  85  5:52  Zergling x6  
  76  5:59  Drone  
  76  6:01  Zerg Melee Weapons Level 1, Zerg Ground Armor Level 1  
  76  6:02  Drone x8  
  83  6:05  Extractor, Drone  
  83  6:07  Extractor  
  83  6:09  Drone  
  83  6:17  Drone x2  
  85  6:23  Spire, Drone  
  85  6:24  Drone  
  86  6:26  Extractor  
  86  6:30  Zergling x10  
  86  6:32  Baneling x3  
  90  6:34  Zergling x2  
  90  6:35  Zergling x10  
  96  6:41  Baneling x4  
  96  6:42  Zergling x4  
  98  6:51  Overlord  
  98  6:53  Overlord  
  98  6:56  Overseer  
  98  6:57  Drone  
  98  6:58  Drone  
  98  6:59  Drone  
  98  7:00  Overlord  
  101  7:01  Baneling x3  
  101  7:05  Overlord  
  101  7:08  Zergling x14  
  101  7:10  Hatchery  
  107  7:19  Zergling x6  
  107  7:20  Baneling x4  
  107  7:21  Baneling x14  
  109  7:26  Zergling x8  
  113  7:38  Zerg Flyer Weapons Level 1  
  113  7:40  Mutalisk x2  
  113  7:41  Zergling x14  
  123  7:48  Zergling x4  
  125  7:57  Zergling x8  
  129  8:03  Zerg Melee Weapons Level 2, Zerg Ground Armor Level 2  
  127  8:16  Zergling x20  
  127  8:18  Baneling x8  
  126  8:22  Hatchery  
  126  8:23  Zergling x8  
  126  8:24  Zergling x4  
  127  8:31  Zergling x4  
  127  8:33  Drone x2  
  125  8:47  Drone x8  
  112  8:56  Mutalisk x4  
  120  9:07  Mutalisk x3  
  120  9:09  Overlord, Overseer  
  126  9:12  Extractor  
  126  9:15  Drone x3  
  126  9:16  Drone x5  
  133  9:24  Drone x6  
  139  9:27  Pneumatized Carapace  
  139  9:29  Mutalisk x2  
  139  9:36  Infestation Pit  
  139  9:38  Mutalisk  
  138  9:39  Overlord  
  138  9:41  Drone x2  
  138  9:42  Drone x2  
  138  9:44  Zergling x6  
  147  9:46  Baneling x5  
  147  9:50  Overlord  
  147  9:54  Overlord  
  145  10:03  Overlord  
  145  10:04  Mutalisk x3  
  151  10:08  Zergling x22  
  151  10:10  Overlord  
  151  10:12  Extractor  
  161  10:19  Baneling x14  
  161  10:22  Zergling x10  
  161  10:24  Overlord  
  161  10:26  Overlord  
  166  10:31  Hive  
  166  10:35  Zergling x2  
  166  10:36  Zergling x12  
  166  10:53  Zergling x38  
  183  10:58  Zergling x2  
  183  11:12  Baneling x18  
  183  11:15  Zergling x20  
  192  11:21  Baneling x12  
  192  11:24  Zergling x4  
Tags
 
Add a new tag
Caveats
  • Supply blocks, unpowered buildings, or Contaminate may cause inaccurate times.
  • Supply counts are checked every 10 seconds.